AoeStats
← LemurChef278

Arabia

504309937Analyzed
1v1 RM · 28d ago on Sep 4, 2026· 29m 44s· 2 players
Game mode
Random Map
Map size
Tiny (2 player)
Population
200
Speed
Normal
Resources
Standard
Victory
Conquest
Starting age
Dark Age
Ending age
Imperial Age
RankedLock teamsTeams togetherTeam positionsShared explorationLock speedFull tech treeHidden civsTurbo modeCheats
Victory
Defeat
🇱🇧 Chinese · Lebanon
943
+17
🇩🇪 Vietnamese · Germany
955
-17
Ouwet
0:33 Loom
10:26 Feudal Age
11:06 Horse Collar
11:13 Double-Bit Axe
15:46 Fletching
15:57 Padded Archer Armor
16:08 Gold Mining
26:04 Castle Age
26:41 Crossbowman
27:32 Heavy Plow
27:38 Bodkin Arrow
27:59 Leather Archer Armor
LemurChef278
7:03 Loom
9:55 Feudal Age
11:36 Double-Bit Axe
18:47 Fletching
22:37 Forging
22:28 Scale Mail Armor
22:29 Padded Archer Armor
28:25 Castle Age
27:07 Horse Collar
28:30 Crossbowman
29:28 Elite Skirmisher
Connection lost

Rejoining the realm…

Still unreachable

The connection could not be restored.

Session expired

The server has moved on; the page needs a fresh start.